AoeStats
← zisuku

African Clearing

505706467Analyzed
4v4 RM · 2mo ago on Sep 10, 2026· 30m 55s· 8 players
Game mode
Random Map
Map size
Large (8 player)
Population
200
Speed
Normal
Resources
Standard
Victory
Conquest
Starting age
Dark Age
Ending age
Imperial Age
RankedLock teamsTeams togetherTeam positionsShared explorationLock speedFull tech treeHidden civsTurbo modeCheats
Victory
Defeat
🇬🇧 Japanese · United Kingdom
1369
+13
🇦🇷 Magyars · Argentina
1356
+13
🇦🇷 Maya · Argentina
1313
+15
🇷🇴 Persians · Romania
1257
+19
vs
🇹🇷 Japanese · Türkiye
1319
-16
🇬🇧 Vietnamese · United Kingdom
1314
-16
🇩🇪 Goths · Germany
1284
-14
🇩🇪 Khmer · Germany
1271
-14
Gbeto Supastar
3:07 Loom
13:23 Feudal Age
15:00 Double-Bit Axe
17:25 Castle Age
20:12 Wheelbarrow
22:36 Horse Collar
25:42 Hand Cart
26:31 Gold Mining
29:04 Scale Barding Armor
29:09 Forging
32:25 Imperial Age
[BPGr] AynenOyle
3:01 Loom
12:34 Feudal Age
16:21 Double-Bit Axe
17:30 Fletching
22:25 Castle Age
28:14 Bow Saw
28:42 Horse Collar
29:44 Wheelbarrow
29:12 Town Watch
Clitinho
4:41 Loom
14:24 Feudal Age
14:39 Man-at-Arms
15:25 Double-Bit Axe
30:50 Castle Age
30:16 Fletching
Sir_HaXaLoT.exe
14:37 Feudal Age
19:26 Castle Age
18:25 Bloodlines
19:30 Forging
20:31 Scale Barding Armor
20:26 Horse Collar
jcboevey
10:25 Loom
12:24 Feudal Age
14:46 Double-Bit Axe
16:16 Fletching
21:20 Castle Age
26:41 Bow Saw
27:58 Horse Collar
zisuku
10:26 Loom
13:21 Feudal Age
13:49 Horse Collar
14:54 Scale Barding Armor
16:41 Wheelbarrow
17:45 Double-Bit Axe
25:31 Castle Age
24:36 Bloodlines
24:56 Gold Mining
28:23 Bow Saw
28:42 Chain Barding Armor
30:37 Husbandry
30:56 Town Watch
Alexis
8:20 Loom
12:53 Feudal Age
14:05 Double-Bit Axe
14:16 Town Watch
14:51 Fletching
21:25 Padded Archer Armor
24:43 Castle Age
24:47 Crossbowman
27:50 Thumb Ring
27:50 Bodkin Arrow
28:01 Gold Mining
30:42 Bow Saw
31:20 Ballistics
Paquiao
11:28 Loom
13:14 Feudal Age
14:46 Double-Bit Axe
17:52 Castle Age
15:47 Horse Collar
18:02 Bloodlines
21:58 Husbandry
22:38 Scale Barding Armor
Connection lost

Rejoining the realm…

Still unreachable

The connection could not be restored.

Session expired

The server has moved on; the page needs a fresh start.